 Dungeon Crawl Stone Soup version 0.24-a0-613-g1ff6aac338 (webtiles) character file.

Game seed: 16625770949969795861, levelgen mode: deterministic

585 Htamos the Ducker (level 7, 0/49 HPs)
             Began as an Octopode Fighter on Sept 10, 2019.
             Was a Believer of Vehumet.
             Slain by an ogre
             ... wielding a +0 giant club
              (19 damage)
             ... on level 4 of the Dungeon.
             The game lasted 00:14:49 (4525 turns).

Htamos the Ducker (Octopode Fighter)                Turns: 4525, Time: 00:14:50

Health: 0/49       AC:  1    Str: 23    XL:     7   Next: 37%
Magic:  7/7        EV: 13    Int: 10    God:    Vehumet [**....]
Gold:   188        SH: 10    Dex: 11    Spells: 3/6 levels left

rFire    . . .     SeeInvis .   g - -2 hand axe (curse)
rCold    . . .     Gourm    .   b - +0 shield
rNeg     . . .     Faith    .   (helmet restricted)
rPois    .         Spirit   .   (no amulet)
rElec    .         Reflect  .   (no ring)
rCorr    .         Harm     .   (no ring)
MR       .....                  (no ring)
Stlth    ++........             (no ring)
HPRegen  0.16/turn              (no ring)
MPRegen  0.10/turn              (no ring)
                                (no ring)
                                (no ring)

@: mighty
A: almost no armour, stealthy swim, amphibious, 8 rings, constrict 8, camouflage
1, gelatinous body 1
a: Renounce Religion


You were on level 4 of the Dungeon.
You worshipped Vehumet.
Vehumet was pleased with you.
You were very hungry.

You visited 1 branch of the dungeon, and saw 4 of its levels.
You also visited: Sewer.

You collected 188 gold pieces.

Inventory:

Hand Weapons
 a - a +1 war axe
 c - a +4 flail
 g - a cursed -2 hand axe (weapon)
Missiles
 f - 4 boomerangs
 j - 2 silver javelins (quivered)
 p - 23 stones
Armour
 b - a +0 shield (worn)
Scrolls
 n - 2 scrolls of teleportation
 o - a scroll of amnesia
Potions
 e - 5 potions of brilliance {unknown}
 h - a potion of heal wounds
 i - 3 potions of degeneration {unknown}
 k - a potion of mutation {unknown}
 l - 2 potions of curing {@qc}
 m - 4 potions of flight
Comestibles
 d - 4 rations


   Skills:
 + Level 4.8 Fighting
 + Level 4.3 Axes
 + Level 4.8 Dodging
 + Level 4.8 Shields


You had 3 spell levels left.
You knew the following spells:

 Your Spells              Type           Power        Failure   Level  Hunger
a - Stone Arrow           Conj/Erth      #.....       99%         3    ####...
Your spell library was empty.

Dungeon Overview and Level Annotations

Branches:
Dungeon (4/15)              Sewer (visited)
 Temple: D:4-7

Altars:
Vehumet
Wu Jian
Zin
The Shining One


Innate Abilities, Weirdness & Mutations

You cannot wear most types of armour.
You are very stealthy in the water. (Stealth+)
You are amphibious.
You can wear up to eight rings at the same time.
You can use your tentacles to constrict eight enemies at once.
Your skin changes colour to match your surroundings (Stealth+).
Your rubbery body absorbs attacks. (AC +1, EV +1)


Message History

You barely miss the ogre. You squeeze the ogre.
The ogre is severely wounded.
You block the ogre's attack.
You slash the ogre!
You kill the ogre!
Vehumet accepts your kill.
There is a large open door, spattered with blood here.
You see here a +0 giant club.
You hit the ogre.
The ogre is lightly wounded.
The ogre closely misses you.
You hit the ogre.
The ogre is moderately wounded.
The ogre hits you with a +0 giant club!!
Ouch! That really hurt!
* * * LOW HITPOINT WARNING * * *
You hit the ogre. You squeeze the ogre!
The ogre is almost dead.
The ogre hits you with a +0 giant club!!
You die...

................................#
########......######.#.........##
#......##O..............#
###'#####....#..........##
#.#####....#..###.......
#.#...#........#########
#.#...##.......# #.#...##O......#
#.'...'@.....>.# ###...##.......#
#...##.......# #...##.......#
##############


You could see an ogre.

Vanquished Creatures
  Sigmund (D:3)
  An ogre (D:4)
  A howler monkey (D:4)
  An iguana (D:4)
  A merfolk siren (Sewer)
  An orc wizard (D:4)
  A worker ant (D:4)
  A merfolk avatar (Sewer)
  7 adders
  A howler monkey skeleton (D:4)
  A river rat (Sewer)
  2 adder skeletons (D:4)
  3 worms
  2 dart slugs (D:1)
  5 leopard geckos
  11 orcs
  5 giant cockroaches
  9 hobgoblins
  6 kobolds
  A quokka (D:3)
  6 ball pythons
  3 bats
  6 frilled lizards
  4 goblins
  A leopard gecko skeleton (D:4)
  A quokka skeleton (D:4)
  25 rats
107 creatures vanquished.

Notes
Turn   | Place    | Note
-------+----------+-------------------------------------------
     0 | D:1      | Htamos the Octopode Fighter began the quest for the Orb.
     0 | D:1      | Reached XP level 1. HP: 16/16 MP: 1/1
   298 | D:1      | Reached XP level 2. HP: 15/21 MP: 2/2
  1086 | D:2      | Reached XP level 3. HP: 26/26 MP: 3/3
  1506 | D:2      | Reached XP level 4. HP: 6/31 MP: 4/4
  1799 | D:2      | Found a faded altar of an unknown god.
  2131 | D:2      | Became a worshipper of Vehumet
  2131 | D:2      | Reached * piety under Vehumet
  2131 | D:2      | Offered knowledge of Flame Tongue by Vehumet.
  2215 | D:3      | Found an ornate altar of the Wu Jian Council.
  2640 | D:3      | Noticed Sigmund
  2686 | D:3      | Killed Sigmund
  2686 | D:3      | Reached XP level 5. HP: 19/37 MP: 0/5
  2686 | D:3      | Reached XP level 6. HP: 22/43 MP: 0/6
  3034 | D:3      | Found a glowing golden altar of the Shining One.
  3035 | D:3      | Found a glowing silver altar of Zin.
  3254 | D:4      | Found a glowing drain.
  3275 | Sewer    | Entered a sewer
  3486 | Sewer    | Offered knowledge of Throw Flame by Vehumet.
  3501 | Sewer    | Reached ** piety under Vehumet
  3790 | Sewer    | Offered knowledge of Stone Arrow by Vehumet.
  3985 | D:4      | Reached XP level 7. HP: 44/49 MP: 7/7
  4145 | D:4      | Learned a level 3 spell: Stone Arrow
  4525 | D:4      | Slain by an ogre

Levels and vault maps discovered:
D:1:      nicolae_arrival_somewhat_less_tricky_arrival, layout_basic,
          serial_bayou_ford_a
D:2:      layout_basic, chequers_ecumenical_altar_grove
D:3:      minmay_diamond_boxcup, layout_rooms, old_standard_altar, minitemple,
          first_ration, uniq_sigmund
D:4:      layout_basic, cheibrodos_sewer_entry_bend

Skill      XL: |  1  2  3  4  5  6 |
---------------+-------------------+-----
Fighting       | 4 |  4.8
Axes           | 3 4 |  4.3
Dodging        | 4 |  4.8
Shields        | 4 |  4.8

Action                   |  1- 3 |  4- 6 |  7- 9 || total
-------------------------+-------+-------+-------++-------
Melee: War axe           |     8 |       |       ||     8
       Hand axe          |    56 |   146 |    21 ||   223
       Constrict         |    24 |    46 |     6 ||    76
       Tentacles         |    16 |    31 |     6 ||    53
  Use: Scroll            |     7 |     3 |       ||    10
       Potion            |       |     3 |     1 ||     4
 Stab: Sleeping          |     2 |     7 |     1 ||    10
       Distracted        |       |       |     1 ||     1
  Eat: Chunk             |     2 |     4 |     1 ||     7
       Ration            |       |     1 |       ||     1
Armor: Skin              |     4 |    10 |       ||    14
Dodge: Dodged            |    24 |    72 |     4 ||   100
Block: Shield            |    30 |    55 |     7 ||    92

Table legend:
 A = Non-vault XP
 B = Vault XP
 C = Vault XP percentage of total XP
 D = Non-vault monster count
 E = Vault monster count
 F = Vault count percentage of total count
                 A         B        C        D         E       F
            +---------+---------+-------+---------+---------+-------
      Total |     432 |     405 |  48.4 |      58 |      49 |  45.8
            +---------+---------+-------+---------+---------+-------
        D:1 |      31 |       0 |   0.0 |      16 |       0 |   0.0
        D:2 |      57 |       0 |   0.0 |      17 |       0 |   0.0
        D:3 |      28 |     243 |  89.7 |       9 |       9 |  50.0
        D:4 |     316 |       0 |   0.0 |      16 |       0 |   0.0
      Sewer |       0 |     162 | 100.0 |       0 |      40 | 100.0
            +---------+---------+-------+---------+---------+-------
